 Dungeon Crawl Stone Soup version 0.22-a0-362-g535178c (webtiles) character file.

4 Amnesiac the Grave Robber (level 1, -1/13 HPs)
             Began as a Mummy Necromancer on Apr 19, 2018.
             Slain by a kobold
             ... wielding a +0 short sword
              (2 damage)
             ... on level 1 of the Dungeon.
             The game lasted 00:00:31 (120 turns).

Amnesiac the Grave Robber (Mummy Necromancer)        Turns: 120, Time: 00:00:32

Health: -1/13      AC:  2    Str: 11    XL:     1   Next: 58%
Magic:  0/4        EV: 12    Int: 14    God:
Gold:   33         SH:  0    Dex: 12    Spells: 4/5 levels left

rFire    x . .     SeeInvis .   (no weapon)
rCold    + . .     Gourm    .   (no shield)
rNeg     + + +     Faith    .   a - +0 robe
rPois    ∞         Spirit   .   (no helmet)
rElec    .         Reflect  .   (no cloak)
rCorr    .         Harm     .   (no gloves)
MR       .....                  (no boots)
Stlth    ++........             (no amulet)
HPRegen  0.04/turn              (no ring)
MPRegen  0.09/turn              (no ring)

@: no status effects
A: no food or potions, fire vulnerability, cold resistance 1, negative energy
resistance 3, torment resistance, unbreathing
a: no special abilities


You were on level 1 of the Dungeon.
You were not hungry.

You visited 1 branch of the dungeon, and saw 1 of its levels.

You collected 33 gold pieces.

Inventory:

Armour
 a - a +0 robe (worn)
Scrolls
 c - a scroll of remove curse {!r, unknown}


   Skills:
 + Level 0.3 Fighting
 * Level 1.8 Dodging
 - Level 1.5 Stealth
 + Level 2.8 Spellcasting
 - Level 4.0 Necromancy


You had 4 spell levels left.
You knew the following spells:

 Your Spells              Type           Power        Failure   Level  Hunger
a - Pain                  Necr           ##..         4%          1    N/A

Dungeon Overview and Level Annotations

Branches:
Dungeon (1/15)

Altars:


Innate Abilities, Weirdness & Mutations

You do not eat or drink.
Your flesh is vulnerable to fire.
You are immune to poison.
Your flesh is cold resistant. (rC+)
You are immune to negative energy. (rN+++)
You are immune to unholy pain and torment.
You can survive without breathing.


Message History

The bat barely misses you. The bat hits you but does no damage.
The kobold barely misses you. The kobold barely misses you.
The bat barely misses you.
Your magical contamination has completely faded away.
The bat closely misses you. The bat hits you.
The bat hits you but does no damage. The bat closely misses you.
The bat barely misses you.
A jackal comes into view.
The bat misses you. The bat barely misses you.
Found a ration.
Casting: Pain (safe; 4% risk of failure)
Confirm with . or Enter, or press ? or * to list all spells.
Aiming: Pain (safe; 4% risk of failure)
Press: ? - help, Shift-Dir - straight line, f/p - bat
Aim: a bat (chance to defeat MR: 83%)
The bat writhes in agony!
You kill the bat!
The jackal barks!
You hear a bark!
A jackal comes into view.
Casting: Pain (safe; 4% risk of failure)
Confirm with . or Enter, or press ? or * to list all spells.
You don't have enough magic to cast that spell.
Casting: Pain (safe; 4% risk of failure)
Confirm with . or Enter, or press ? or * to list all spells.
You don't have enough magic to cast that spell.
Really read
b - a scroll labeled OWKUJI WOKYCVU {!r}?
As you read the scroll labeled OWKUJI WOKYCVU {!r}, it crumbles to dust.
It is a scroll of enchant weapon.
You aren't carrying any weapons that can be enchanted.
The jackal barely misses you. The kobold misses you.
You hit the kobold but do no damage. The jackal bites you.
The kobold barely misses you. The jackal bites you.
* * * LOW HITPOINT WARNING * * *
A jackal comes into view.
Casting: Pain (safe; 4% risk of failure)
Confirm with . or Enter, or press ? or * to list all spells.
You don't have enough magic to cast that spell.
You barely miss the kobold. The kobold completely misses you.
A jackal comes into view.
The jackal barks! x2
You hit the kobold.
The kobold is moderately wounded.
The jackal bites you.
* * * LOW HITPOINT WARNING * * *
The kobold closely misses you.
Casting: Pain (safe; 4% risk of failure)
Confirm with . or Enter, or press ? or * to list all spells.
Aiming: Pain (safe; 4% risk of failure)
Press: ? - help, Shift-Dir - straight line, f - kobold
Aim: a kobold, wielding a short sword (moderately wounded, chance to defeat MR: 83%)
The kobold barely resists.
The jackal misses you. The kobold misses you. The jackal bites you.
* * * LOW HITPOINT WARNING * * *
Unknown command.
You closely miss the kobold.
The kobold is moderately wounded.
The jackal barely misses you. The kobold hits you but does no damage.
Unknown command.
You hit the kobold but do no damage.
The kobold is moderately wounded.
The jackal completely misses you. The kobold hits you with a short sword.
You die...

###########
#.K@hhhh...
#.######### #.#
#####.##
########......#
#..w..........#
#.#####.......#
#.# #.......#
###.#####.......#


You could see 4 jackals and a kobold.

Vanquished Creatures
  A goblin (D:1)
  A ball python (D:1)
  3 bats (D:1)
  A rat (D:1)
6 creatures vanquished.

Notes
Turn   | Place    | Note
-------+----------+-------------------------------------------
     0 | D:1      | Amnesiac the Mummy Necromancer began the quest for the Orb.
     0 | D:1      | Reached XP level 1. HP: 13/13 MP: 4/4
   120 | D:1      | Slain by a kobold

Vault maps used:
D:1:      scummos_arrival_checkerplants, minmay_pentomino_x4

Action                   || total
-------------------------++-------
Melee: Unarmed           ||     5
 Cast: Pain              ||    11
  Use: Scroll            ||     1
Armor: Robe              ||     9
Dodge: Dodged            ||    27

Table legend:
 A = Spawn XP
 B = Non-spawn XP
 C = Spawn XP percentage of total XP
 D = Spawn monster count
 E = Non-spawn monster count
 F = Spawn count percentage of total count
 G = Total turns spent on level
                    A         B        C        D         E        F      G
               +---------+---------+-------+---------+---------+-------+---------
         Total |       0 |       7 |   0.0 |       0 |       6 |   0.0 |   120
               +---------+---------+-------+---------+---------+-------+---------
           D:1 |       0 |       7 |   0.0 |       0 |       6 |   0.0 |   120
               +---------+---------+-------+---------+---------+-------+---------
